Map: Deathaura LE

Players

ByuN - Winner!

  • Race: Terran Terran
  • Spawn Location: 5:00

DRG

  • Race: Zerg Zerg
  • Spawn Location: 11:00

Event: IEM Katowice 2021

VOD

Have the link to the VOD?

Description

Time

  • Played on: Feb. 20, 2021, 12:54 p.m.
  • Length: 21:12

All games in this series

Show
View Real Time Build Order
Export as new Build Order

ByuN Terran - Winner!

Build Orders:  

Get SALT Encoding   

  12  0:00  SCV  
  13  0:12  SCV  
  14  0:17  Supply Depot  
  14  0:24  SCV  
  15  0:38  SCV  
  15  0:39  Barracks  
  16  0:50  SCV  
  17  1:03  SCV  
  18  1:04  Refinery  
  18  1:15  SCV  
  19  1:26  Marine  
  19  1:27  Orbital Command  
  20  1:34  Command Center  
  20  1:44  Barracks  
  20  1:48  Barracks Reactor  
  20  1:52  SCV  
  21  1:58  Supply Depot  
  21  2:05  SCV  
  22  2:11  Refinery  
  22  2:17  SCV  
  23  2:24  Factory, Marine x2  
  23  2:29  SCV  
  26  2:33  Barracks Tech Lab  
  26  2:41  SCV  
  26  2:42  Marine x2  
  29  2:46  Orbital Command  
  29  2:50  Marine  
  30  2:53  SCV  
  30  2:56  Stimpack  
  31  3:00  Marine  
  31  3:02  Marine  
  33  3:06  SCV  
  33  3:09  Marine  
  35  3:15  Starport  
  35  3:19  Marine  
  35  3:20  Marine  
  35  3:25  SCV x2  
  35  3:26  Factory Reactor  
  39  3:28  Marine  
  39  3:32  Supply Depot  
  40  3:37  SCV x2  
  40  3:39  Marine x2  
  44  3:44  Supply Depot  
  44  3:46  Marine  
  45  3:49  SCV  
  45  3:54  SCV  
  47  4:00  Supply Depot  
  48  4:05  Medivac x2  
  48  4:06  Marine x2  
  48  4:08  Marine  
  48  4:09  SCV x2  
  56  4:14  Supply Depot  
  58  4:17  Hellion  
  58  4:21  SCV  
  58  4:22  SCV  
  60  4:25  Marine x2  
  60  4:26  Marine  
  60  4:30  Supply Depot  
  63  4:33  SCV  
  63  4:34  SCV  
  63  4:35  Medivac  
  67  4:43  Marine x3  
  70  4:46  Widow Mine  
  72  4:57  SCV x2  
  74  5:01  Marine x3  
  74  5:02  Command Center  
  74  5:05  Supply Depot  
  77  5:12  SCV x2  
  77  5:17  Engineering Bay  
  77  5:18  Factory Reactor  
  77  5:20  Engineering Bay  
  77  5:22  Refinery  
  77  5:23  Refinery  
  77  5:24  SCV x2  
  79  5:30  Marine x2  
  79  5:34  Marine  
  82  5:38  SCV x2  
  82  5:40  Supply Depot  
  84  5:46  Terran Infantry Weapons Level 1  
  84  5:47  Terran Infantry Armor Level 1  
  84  5:48  Marine x2  
  86  5:52  Marine  
  77  6:05  Widow Mine x2, Marine x2  
  77  6:06  Medivac  
  77  6:07  Medivac  
  77  6:09  Marine  
  77  6:10  SCV x2  
  90  6:15  Orbital Command  
  90  6:17  Barracks  
  90  6:25  Marine x2  
  90  6:27  Marine  
  93  6:34  Orbital Command  
  93  6:36  Barracks  
  93  6:38  SCV x2  
  93  6:39  Barracks  
  93  6:46  Marine x3  
  96  6:47  Widow Mine x2  
  96  6:50  SCV x2  
  102  6:55  Armory  
  102  7:02  SCV x3  
  102  7:04  Marine x3  
  108  7:14  SCV x3  
  109  7:17  Marine x2, Factory Reactor  
  109  7:22  Marine x3  
  114  7:26  SCV x2  
  114  7:27  SCV  
  117  7:30  Barracks Reactor x2  
  117  7:35  Marine  
  117  7:36  Medivac, Supply Depot  
  116  7:37  Supply Depot  
  116  7:38  SCV  
  116  7:39  Medivac, SCV x2  
  116  7:42  Marine  
  116  7:43  Marine x3  
  114  7:49  Supply Depot x2  
  114  7:50  SCV  
  115  7:51  SCV x2  
  115  7:57  Marine  
  115  7:58  Widow Mine x2  
  122  8:00  Marine x2, Terran Infantry Armor Level 2, Terran Infantry Weapons Level 2  
  122  8:03  SCV  
  122  8:05  Supply Depot  
  125  8:06  Sensor Tower  
  125  8:07  Marine  
  125  8:08  Marine x4  
  125  8:09  Marine  
  125  8:11  Combat Shield  
  131  8:15  Marine, Refinery  
  131  8:16  Factory  
  134  8:27  Marauder  
  134  8:29  Widow Mine x2, Marine x2  
  134  8:30  Marine x2  
  134  8:31  Marine  
  143  8:37  Supply Depot  
  143  8:38  Supply Depot  
  143  8:41  Supply Depot x2, Liberator x2  
  149  8:50  Widow Mine x2  
  153  8:56  Marine x4  
  153  8:57  Command Center  
  153  8:58  Marine  
  156  9:02  Supply Depot  
  156  9:11  Widow Mine x2  
  156  9:12  Factory Tech Lab  
  156  9:14  Marine x3  
  156  9:15  Marine x4  
  156  9:16  Marauder  
  166  9:25  Medivac x2  
  166  9:28  Marine  
  160  9:32  Widow Mine, Marine x2  
  160  9:33  Widow Mine x2  
  160  9:35  Marine x2  
  160  9:37  Marine x2  
  170  9:51  Marine  
  170  9:52  Marine x2  
  173  9:53  Widow Mine  
  173  9:54  Widow Mine x2  
  173  9:59  Marine  
  179  10:00  Marine x3  
  179  10:03  Marauder  
  185  10:08  Barracks  
  185  10:09  Barracks x2  
  163  10:17  Marine x3  
  163  10:18  Marine x3  
  166  10:23  SCV x2  
  166  10:24  Marauder  
  166  10:25  Marine x2  
  166  10:27  Widow Mine x2  
  176  10:30  Widow Mine  
  176  10:33  Terran Infantry Weapons Level 3, Terran Infantry Armor Level 3  
  176  10:34  Marine  
  176  10:35  Marine  
  179  10:41  SCV x3  
  179  10:44  Marine  
  179  10:45  Marine x6  
  179  10:46  Concussive Shells  
  179  10:48  Widow Mine  
  186  10:50  Drilling Claws  
  186  10:55  Marine  
  180  10:59  Widow Mine  
  180  11:00  Medivac x2, Widow Mine  
  180  11:04  Marauder, Marine x3  
  171  11:05  Marine  
  171  11:10  Marine  
  159  11:13  Widow Mine  
  139  11:18  SCV x2  
  139  11:21  SCV, Widow Mine  
  144  11:30  Medivac, SCV  
  144  11:31  SCV  
  145  11:33  SCV  
  145  11:36  Marine x2  
  143  11:43  SCV x2  
  143  11:45  SCV  
  142  11:47  Barracks Tech Lab x2  
  142  11:49  Barracks Tech Lab  
  142  11:53  Planetary Fortress  
  142  11:55  SCV x2  
  142  11:57  SCV  
  142  12:00  Marine x2  
  142  12:01  Marauder, Marine x2  
  151  12:07  SCV x2  
  153  12:09  Widow Mine x2  
  153  12:15  Marauder x3  
  163  12:20  SCV  
  163  12:21  SCV x2  
  166  12:36  Marine  
  167  12:40  Marine x2  
  167  12:41  Marauder  
  167  12:43  Widow Mine  
  167  12:44  Widow Mine  
  170  12:47  Widow Mine  
  170  12:48  Marine x2  
  136  12:52  Marine  
  136  12:53  SCV x2  
  136  12:54  SCV, Marine x2  
  136  12:56  Marine  
  136  12:57  Marine x3  
  137  13:00  Marine x2  
  137  13:03  Marauder  
  137  13:05  Widow Mine x2  
  145  13:06  Marine x2  
  145  13:08  Widow Mine  
  145  13:12  Marine x3  
  145  13:14  Marine  
  145  13:15  Marine  
  145  13:26  Widow Mine x2  
  148  13:30  Widow Mine  
  148  13:32  Marauder x2, Marine x2  
  148  13:33  Marauder  
  158  13:38  Command Center  
  158  13:42  Marauder  
  158  13:44  Marine x2  
  158  13:47  Marine x3  
  165  13:49  Marine  
  165  13:50  Marine  
  165  13:55  Marauder x3  
  167  14:02  Marine x3  
  169  14:03  Marine  
  171  14:15  Supply Depot  
  171  14:17  Marauder, Widow Mine x3  
  177  14:31  Marauder  
  177  14:37  Marauder x2, Marine  
  184  14:41  Widow Mine x2  
  181  14:48  Medivac x2  
  178  14:53  Marauder x2, Marine  
  178  14:55  Marine  
  178  14:56  Marine x2  
  178  14:58  Marauder  
  178  14:59  Marauder, Marine  
  183  15:00  Marine x3  
  183  15:02  Widow Mine x2  
  191  15:13  Marine x2  
  195  15:14  Marauder x2  
  195  15:18  Medivac x2  
  199  15:23  Marine  
  190  15:35  Marauder, Marine x2  
  171  15:37  Marine x2  
  171  15:40  Marauder x2, Marine  
  171  15:41  Marauder, Marine x3  
  184  15:42  Widow Mine  
  184  15:43  Widow Mine x2  
  184  15:48  Medivac x2  
  188  15:53  Marine x2  
  188  15:55  Marine  
  186  15:58  Marine  
  186  16:00  Marine  
  186  16:04  Widow Mine x2  
  188  16:05  Marine x2  
  188  16:06  Marine x2  
  188  16:07  Marine  
  188  16:10  Marauder x2  
  187  16:11  Widow Mine, Marine  
  187  16:13  Marine x2  
  187  16:15  Marine  
  187  16:18  Medivac x2, Marine  
  192  16:23  Marine x2  
  192  16:25  Marauder x2, Widow Mine  
  198  16:43  Marine x2  
  198  16:44  Widow Mine  
  198  16:47  Planetary Fortress  
  198  16:48  Medivac  
  199  17:12  Missile Turret  
  199  17:22  Marine  
  197  17:29  Marauder x2  
  200  17:34  Fusion Core  
  200  17:40  Command Center  
  200  17:44  Command Center  
  200  18:01  Sensor Tower  
  200  18:17  Marauder x2, Marine  
  200  18:19  Widow Mine  
  191  18:22  Marauder x2  
  191  18:24  Widow Mine x2  
  187  18:40  Widow Mine  
  189  18:41  Medivac  
  189  18:42  Marine  
  189  18:45  Widow Mine  
  192  18:51  SCV x3  
  192  18:53  Refinery  
  192  18:54  Refinery  
  195  18:59  Marauder  
  195  19:01  Widow Mine  
  197  19:09  Marauder x2  
  184  19:11  Marine x2  
  184  19:12  Widow Mine x2  
  184  19:13  Medivac  
  184  19:15  Marine x3  
  184  19:16  Marauder  
  178  19:17  Marine x2  
  178  19:21  Marauder  
  178  19:23  Widow Mine  
  158  19:25  Medivac  
  158  19:26  Marine  
  158  19:29  Marine x2  
  158  19:30  Marauder, Marine  
  158  19:33  Marine x3  
  158  19:34  Widow Mine x2  
  158  19:35  Marine x2  
  158  19:38  Marauder  
  168  19:42  Marauder  
  168  19:43  Medivac  
  168  19:44  Widow Mine, Marine  
  157  19:46  Marine  
  157  19:47  Marine  
  157  19:48  SCV x2, Marauder  
  157  19:49  SCV  
  155  19:55  Medivac, Widow Mine x2  
  155  19:56  Marine x3  
  155  19:59  Marauder x2  
  159  20:00  SCV x2  
  159  20:01  SCV  
  159  20:06  Marine x3  
  159  20:07  Marine  
  164  20:10  Marauder x2  
  164  20:12  SCV  
  164  20:13  Medivac, SCV x2  
  174  20:14  Planetary Fortress  
  170  20:30  Marauder x2  
  170  20:31  Marine x2  
  173  20:41  Marine  
  173  20:42  Marine x2  
  176  20:43  Marine x2  
  176  20:46  Marauder x2, Marine  
  181  20:51  Marine x3  
Show
View Real Time Build Order
Export as new Build Order

DRG Zerg 

Build Orders: Hatch First 

Get SALT Encoding   

  12  0:00  Drone  
  13  0:12  Overlord  
  13  0:16  Drone  
  14  0:30  Drone x2  
  16  0:47  Hatchery  
  15  0:50  Drone  
  15  0:54  Drone  
  17  0:58  Drone  
  18  1:12  Spawning Pool  
  18  1:15  Extractor  
  18  1:17  Drone  
  17  1:20  Drone  
  18  1:28  Drone  
  19  1:38  Drone  
  20  1:49  Drone  
  21  1:59  Queen x2  
  21  2:00  Zergling x4  
  27  2:10  Overlord  
  27  2:11  Drone  
  28  2:21  Hatchery  
  27  2:24  Drone  
  27  2:29  Drone  
  29  2:33  Drone x2  
  31  2:39  Queen  
  33  2:44  Overlord  
  33  2:46  Drone  
  34  2:54  Drone x2  
  36  2:58  Metabolic Boost  
  36  3:04  Overlord  
  36  3:05  Drone  
  37  3:07  Drone x2  
  37  3:11  Drone  
  40  3:15  Queen  
  40  3:18  Drone  
  43  3:20  Drone  
  43  3:25  Drone  
  45  3:31  Drone  
  45  3:33  Queen  
  45  3:34  Overlord  
  48  3:36  Drone  
  48  3:39  Drone x2  
  48  3:40  Drone  
  52  3:43  Drone  
  52  3:45  Drone  
  54  3:48  Drone x4  
  54  3:52  Drone  
  54  3:54  Queen  
  61  4:00  Drone x2  
  62  4:02  Spore Crawler  
  62  4:04  Spore Crawler  
  62  4:05  Spore Crawler  
  62  4:08  Overlord  
  62  4:09  Drone  
  60  4:12  Queen  
  60  4:16  Drone x3  
  65  4:19  Overlord  
  65  4:22  Extractor x2  
  63  4:24  Baneling Nest  
  63  4:29  Zergling x10  
  67  4:33  Zergling x6  
  67  4:35  Zergling x4  
  72  4:38  Queen  
  72  4:42  Zergling x4  
  76  4:45  Lair  
  76  4:50  Zergling x6  
  76  4:52  Overlord  
  79  4:54  Overlord  
  79  4:57  Overlord  
  79  5:01  Overlord  
  79  5:13  Drone x3  
  79  5:14  Drone x5  
  86  5:18  Drone x4  
  90  5:22  Drone x2  
  90  5:25  Evolution Chamber  
  90  5:26  Evolution Chamber  
  90  5:29  Drone x4  
  90  5:34  Zergling x2  
  94  5:40  Zergling x2, Extractor  
  94  5:41  Zergling x2  
  95  5:44  Centrifical Hooks  
  95  5:45  Baneling x8  
  95  5:47  Zergling x4  
  97  5:50  Hatchery  
  90  5:57  Zergling x8  
  90  5:59  Zergling x2  
  90  6:00  Zergling x10  
  89  6:06  Zerg Melee Weapons Level 1  
  89  6:14  Zergling x6  
  88  6:19  Zergling x4  
  88  6:20  Overlord  
  88  6:24  Overlord  
  90  6:26  Zergling x4  
  90  6:31  Zerg Ground Armor Level 1  
  90  6:32  Zergling x4  
  94  6:37  Zergling x6, Hatchery  
  94  6:38  Queen  
  93  6:42  Baneling x5  
  93  6:44  Queen  
  93  6:46  Hatchery  
  94  6:47  Drone x6  
  94  6:53  Zergling x8  
  104  6:56  Baneling  
  104  6:57  Baneling x2  
  104  6:58  Zergling x4  
  104  7:04  Zergling x2  
  104  7:06  Zergling x8  
  108  7:08  Overseer  
  108  7:09  Pneumatized Carapace  
  108  7:11  Zergling x8  
  110  7:17  Zergling x4  
  112  7:27  Zergling x2  
  112  7:28  Zergling x2  
  112  7:29  Hatchery  
  109  7:30  Zergling x4  
  109  7:36  Zergling x2  
  111  7:40  Zergling x4  
  109  7:47  Drone x2  
  109  7:49  Hatchery  
  109  7:51  Queen  
  110  7:52  Baneling x2  
  110  7:53  Drone x5  
  110  7:56  Queen  
  119  7:58  Overlord  
  119  7:59  Overlord  
  119  8:00  Zerg Melee Weapons Level 2  
  119  8:03  Baneling  
  119  8:04  Zergling x6, Baneling x5  
  122  8:07  Drone x2  
  122  8:08  Spore Crawler  
  122  8:11  Baneling x8  
  123  8:16  Zergling x6  
  123  8:19  Overlord x2  
  126  8:20  Overseer  
  126  8:23  Zergling x2  
  126  8:24  Zergling x14  
  126  8:25  Baneling x7  
  131  8:30  Zergling x2  
  131  8:32  Zergling x2  
  131  8:33  Zergling x4  
  133  8:36  Drone x7  
  133  8:38  Extractor  
  133  8:41  Queen  
  139  8:42  Queen  
  139  8:45  Zerg Ground Armor Level 2  
  143  8:52  Zergling x2  
  143  8:53  Zergling x12  
  150  8:59  Drone x3  
  150  9:00  Drone x5  
  158  9:03  Baneling x6  
  157  9:16  Zergling x2, Baneling x5  
  167  9:17  Zergling x18  
  153  9:24  Zergling x2  
  153  9:25  Zergling x16  
  153  9:29  Zergling x10  
  153  9:30  Overlord  
  160  9:34  Zergling x10  
  160  9:37  Queen  
  166  9:39  Queen  
  166  9:45  Baneling x6  
  167  9:47  Zergling x6  
  167  9:48  Drone x7  
  167  9:50  Spore Crawler  
  175  9:53  Zergling x4  
  175  9:57  Overlord  
  177  10:01  Overlord  
  177  10:02  Overlord, Baneling  
  177  10:03  Baneling x3  
  177  10:05  Spore Crawler  
  176  10:09  Zergling x2  
  171  10:14  Baneling x6  
  171  10:15  Drone  
  171  10:23  Zergling x28, Baneling x6  
  171  10:24  Zergling x10  
  171  10:26  Queen  
  189  10:30  Zergling x4  
  191  10:36  Zergling x10  
  191  10:38  Baneling  
  191  10:39  Baneling x14  
  191  10:42  Zergling x4  
  198  10:45  Zerg Missile Weapons Level 1  
  198  10:49  Zergling x12  
  197  10:56  Overlord  
  185  10:57  Overlord  
  185  10:58  Overseer x2, Overlord  
  185  11:02  Zergling x16  
  153  11:11  Zergling x12  
  153  11:14  Zergling x2  
  153  11:17  Zergling x6  
  150  11:19  Baneling x2  
  150  11:22  Zergling x6  
  150  11:23  Baneling x7  
  150  11:24  Baneling  
  151  11:26  Zergling x2  
  151  11:28  Baneling x6  
  151  11:29  Zergling x10  
  151  11:32  Zergling x8  
  159  11:39  Zergling x10  
  147  11:40  Overseer  
  147  11:41  Zergling x2  
  147  11:42  Zergling x2, Queen  
  147  11:45  Zergling x2, Infestation Pit  
  149  11:49  Zergling x10, Queen  
  149  11:53  Zergling x8  
  160  11:55  Baneling x13  
  160  12:00  Zergling x2  
  160  12:01  Zergling x22  
  172  12:08  Zergling x6  
  174  12:09  Baneling x9  
  174  12:13  Zergling x12  
  180  12:21  Hydralisk Den  
  178  12:25  Zergling x18  
  187  12:30  Overseer  
  187  12:32  Baneling x12  
  187  12:33  Zergling x24  
  168  12:44  Zergling x2  
  168  12:45  Zergling x16  
  168  12:48  Zergling x4  
  152  12:55  Zergling x10  
  152  12:58  Hydralisk, Hive, Grooved Spines  
  150  13:04  Baneling x3  
  150  13:05  Zergling x22  
  163  13:12  Zergling x6  
  161  13:19  Hydralisk x4  
  158  13:21  Zergling x2, Hatchery  
  158  13:22  Zergling x8  
  158  13:25  Zergling x4  
  156  13:28  Hydralisk x3  
  156  13:32  Zergling x10  
  166  13:38  Zergling x10  
  171  13:44  Zergling x4  
  171  13:45  Zergling x4  
  173  13:52  Zergling x12  
  173  13:53  Baneling x7  
  168  13:56  Hydralisk  
  168  13:57  Hydralisk x3  
  168  14:01  Zergling x12  
  178  14:06  Zergling x2  
  178  14:10  Hydralisk x3, Muscular Augments  
  178  14:12  Baneling x2  
  178  14:14  Zergling x12  
  190  14:18  Zergling x4  
  190  14:19  Zergling x2  
  190  14:21  Baneling x5  
  192  14:26  Zergling x8  
  186  14:34  Overseer  
  186  14:35  Overseer  
  186  14:37  Zergling x2  
  186  14:38  Zergling x16  
  180  14:47  Zergling x20  
  180  14:52  Zergling x16  
  190  14:57  Zergling x14  
  186  15:04  Zerg Melee Weapons Level 3  
  186  15:05  Zerg Ground Armor Level 3  
  186  15:06  Hatchery  
  184  15:08  Baneling x2  
  184  15:09  Zergling x14  
  184  15:10  Baneling  
  191  15:15  Zergling x16, Baneling x2  
  199  15:21  Baneling x4  
  190  15:30  Zergling x26, Extractor  
  190  15:34  Zergling x4  
  177  15:43  Viper  
  177  15:44  Overlord  
  177  15:45  Zergling x12  
  176  15:57  Zergling x26  
  176  16:00  Hatchery  
  176  16:01  Baneling  
  176  16:02  Baneling x6  
  176  16:03  Overlord x2  
  181  16:05  Zergling x2  
  181  16:06  Zergling x14  
  181  16:07  Baneling x3  
  188  16:13  Baneling x5  
  188  16:18  Zergling x22  
  185  16:25  Zergling x10  
  185  16:27  Hydralisk x4  
  185  16:32  Zergling x10  
  196  16:40  Zergling x8  
  193  16:50  Baneling x8  
  193  16:52  Zergling x12, Baneling  
  193  16:53  Baneling x3  
  199  17:01  Overlord  
  199  17:03  Baneling x4  
  199  17:13  Spore Crawler  
  199  17:14  Zergling x10  
  200  17:21  Overlord x2  
  196  17:24  Adrenal Glands  
  196  17:26  Zergling x10  
  196  17:27  Zergling x14  
  196  17:29  Baneling x4  
  189  17:32  Zergling x20  
  199  17:41  Zerg Missile Weapons Level 2, Baneling x5  
  199  17:43  Zergling x2  
  200  17:51  Baneling x5  
  200  17:58  Overseer x2  
  200  17:59  Hatchery  
  200  18:01  Extractor  
  200  18:02  Extractor  
  200  18:04  Extractor  
  195  18:06  Baneling x4  
  195  18:10  Zergling x8  
  199  18:18  Zergling x30  
  185  18:23  Baneling x5  
  185  18:25  Zergling x20  
  194  18:29  Zergling x8  
  192  18:35  Zergling x10  
  195  18:48  Baneling x11  
  194  18:49  Zergling x2  
  194  18:51  Baneling x3  
  194  18:52  Baneling x2  
  195  18:56  Baneling x2  
  195  18:59  Zergling x10  
  195  19:01  Baneling x2  
  194  19:04  Hatchery  
  172  19:11  Zergling x2  
  172  19:12  Zergling x16  
  160  19:17  Zergling x2  
  160  19:18  Zergling x6  
  145  19:32  Zergling x16  
  137  19:50  Zergling x10  
  137  19:51  Baneling x9  
  130  19:55  Overseer  
  117  20:04  Hydralisk x2  
  113  20:09  Baneling x5  
  112  20:24  Zergling x12  
  111  20:35  Zergling x8  
  106  20:54  Overseer  
  106  20:55  Baneling x3  

Tags
 
Add a new tag
Caveats
  • Supply blocks, unpowered buildings, or Contaminate may cause inaccurate times.
  • Supply counts are checked every 10 seconds.